 Dungeon Crawl Stone Soup version 0.19-a0-1786-g230130f (webtiles) character file.

1154 twist the Cleaver (level 8, -8/58 HPs)
             Began as a Demonspawn Chaos Knight on Oct 3, 2016.
             Mangled by an orc warrior
             ... wielding a +0 hand axe
              (17 damage)
             ... on level 6 of the Dungeon.
             The game lasted 00:07:40 (4762 turns).

twist the Cleaver (Demonspawn Chaos Knight)         Turns: 4762, Time: 00:07:40

Health: -8/58      AC:  5    Str: 12    XL:     8   Next: 16%
Magic:  8/8        EV: 11    Int: 17    God:    Xom [.*....]
Gold:   287        SH:  0    Dex: 14    Spells: 0 memorised, 7 levels left

rFire  . . .     SeeInvis .     a - +1 hand axe (chaos)
rCold  . . .     Gourm    .     b - +2 leather armour
rNeg   . . .     Faith    .     (no shield)
rPois  .         Spirit   .     (helmet restricted)
rElec  .         Dismiss  .     (no cloak)
rCorr  .         Reflect  .     (no gloves)
MR     .....     Harm     .     (boots unavailable)
Stlth  +.........               (no amulet)
                                (no ring)
                                (no ring)

@: no status effects
A: claws 2, horns 2, talons 3, agile 1, powered by pain 1
a: Renounce Religion


You were on level 6 of the Dungeon.
You worshipped Xom.
You were a plaything of Xom.
You were not hungry.

You visited 1 branch of the dungeon, and saw 6 of its levels.
You also visited: Ossuary.

You collected 287 gold pieces.

Inventory:

Hand Weapons
 a - a +1 hand axe of chaos (weapon)
Missiles
 k - 37 stones (quivered)
 y - 35 poisoned needles
Armour
 b - a +2 leather armour (worn)
Jewellery
 h - a cursed ring of loudness {unknown}
 m - a +4 ring of strength {unknown}
Wands
 x - a wand of acid (9/15)
Scrolls
 f - 9 scrolls of identify
 i - a scroll of noise
 q - a scroll of recharging
 s - 3 scrolls of fog
 u - a scroll of amnesia
Potions
 d - 5 potions of curing
 e - 3 potions of heal wounds
 j - a potion of brilliance {unknown}
 l - 3 potions of invisibility
 o - a potion of haste {unknown}
 p - a potion of berserk rage {unknown}
 r - 3 potions of resistance {unknown}
 v - a potion of ambrosia {unknown}
 z - 2 potions of degeneration {unknown}
Books
 n - a book of Misfortune

   Spells                             Type                      Level
   a - Confusing Touch                Hexes                        1
   b - Confuse                        Hexes                        3
   c - Gell's Gravitas                Hexes/Translocation          3
   d - Petrify                        Transmutation/Earth          4
   e - Metabolic Englaciation         Hexes/Ice                    5
   f - Yara's Violent Unravelling     Hexes/Transmutation          5
Comestibles
 c - 5 bread rations
 g - 3 slices of pizza
 t - a beef jerky
 w - 5 chunks of flesh


   Skills:
 - Level 3.0 Fighting
 + Level 9.3 Axes
 - Level 1.7 Armour
 - Level 0.8 Dodging


You had 7 spell levels left.
You didn't know any spells.

Dungeon Overview and Level Annotations

Branches:
Dungeon (6/15)             Temple (0/1) D:5

Altars:
Ashenzari
Dithmenos
Fedhas
Gozag
Kikubaaqudgha
Nemelex Xobeh
Xom
The Shining One


Innate Abilities, Weirdness & Mutations

You have very sharp fingernails.
You have a pair of horns on your head.
You have claws for feet.
You sometimes gain a little power by taking damage.
You are agile. (Dex +2)


Message History

You hit the orc warrior but do no damage.
You heal the orc warrior.
The orc warrior is completely healed.
Xom is highly amused!
Your headbutt misses the orc warrior. You closely miss the orc warrior.
You headbutt the orc warrior.
The orc warrior is lightly wounded.
The orc warrior barely misses you.
You hit the orc warrior but do no damage.
There is a sudden explosion of sparks!
You headbutt the orc warrior, but do no damage.
The orc warrior is heavily wounded.
The orc warrior hits you but does no damage.
You hit the orc warrior. You burn the orc warrior.
Your headbutt misses the orc warrior.
The orc warrior is severely wounded.
You hit the orc warrior but do no damage.
You claw the orc warrior, but do no damage.
The orc warrior is severely wounded.
The orc warrior hits you with a hand axe!
You die...

#..# #..# #..#
#..# .# #..# ###
.## #.<# #.. <.
######..# # #.#
##.# ........#
#.##o# ...#
#######.# #..)@#
#..# ########.#
####.########..#
# .........#
#.†.........#.#
##########
#.....).......#
##########.####
#.# ##########.#
#..........#
#.##########


You could see an orc warrior.

Vanquished Creatures
  2 ogres
  2 bullfrogs (D:6)
  An elf zombie (D:4)
  4 elf skeletons (D:4)
  A centaur zombie (Ossuary)
  3 orc priests
  An orc wizard (D:3)
  A human skeleton (D:4)
  A human zombie (D:4)
  An iguana (D:4)
  A worker ant (D:4)
  3 big kobold zombies (Ossuary)
  2 mummies (Ossuary)
  A worker ant zombie (D:5)
  9 adders
  A shadow imp (D:5)
  2 oozes (D:2)
  An adder zombie (Ossuary)
  2 worms (D:3)
  3 dart slugs
  A leopard gecko (D:5)
  5 orcs
  11 bats
  6 giant cockroaches
  8 hobgoblins
  8 jackals
  7 kobolds
  2 quokkas
  6 frilled lizards
  8 goblins
  3 goblin zombies (Ossuary)
  8 hobgoblin zombies (Ossuary)
  2 jackal zombies (Ossuary)
  9 kobold zombies (Ossuary)
  3 orc skeletons (D:4)
  9 orc zombies
  6 rats
  2 rat zombies (Ossuary)
146 creatures vanquished.

Vanquished Creatures (others)
  An adder (D:3)
1 creature vanquished.

Grand Total: 147 creatures vanquished

Notes
Turn   | Place    | Note
-------+----------+-------------------------------------------
     0 | D:1      | twist the Demonspawn Chaos Knight began the quest for the Orb.
     0 | D:1      | Reached XP level 1. HP: 18/18 MP: 1/1
    52 | D:1      | XOM: silly message
    78 | D:1      | Reached skill level 3 in Axes
    83 | D:1      | Gained mutation: You have a pair of small horns on your head. [demonic ancestry]
    83 | D:1      | Reached XP level 2. HP: 10/24 MP: 2/2
   209 | D:1      | XOM: harmless Fire miscast
   256 | D:1      | XOM: noise
   269 | D:1      | XOM: give mutations
   269 | D:1      | Gained mutation: You have sharp toenails. [Xom's grace]
   269 | D:1      | Gained mutation: You are agile. (Dex +2) [Xom's grace]
   367 | D:1      | Gained mutation: You sometimes gain a little power by taking damage. [demonic ancestry]
   367 | D:1      | Reached XP level 3. HP: 22/29 MP: 3/3
   720 | D:1      | XOM: scenery: create altars
   772 | D:2      | XOM: divination: detect items
   797 | D:2      | XOM: 2-stop teleportation journey
   828 | D:2      | Reached skill level 4 in Axes
   927 | D:2      | XOM: harmless Conj miscast
  1239 | D:2      | Gained mutation: You have razor-sharp toenails. [demonic ancestry]
  1239 | D:2      | Reached XP level 4. HP: 27/35 MP: 4/4
  1261 | D:2      | XOM: smoke on damage
  1418 | D:2      | Noticed an ogre
  1421 | D:2      | XOM: harmless Erth miscast
  1425 | D:2      | Killed an ogre
  1425 | D:2      | Reached skill level 5 in Axes
  1425 | D:2      | Gained mutation: You have a pair of horns on your head. [demonic ancestry]
  1425 | D:2      | Reached XP level 5. HP: 6/41 MP: 5/5
  1924 | D:3      | Found an ancient bone altar of Kikubaaqudgha.
  2320 | D:3      | Reached skill level 6 in Axes
  2594 | D:3      | Gained mutation: You have sharp fingernails. [demonic ancestry]
  2594 | D:3      | Reached XP level 6. HP: 40/47 MP: 6/6
  2631 | D:3      | Found a glowing golden altar of the Shining One.
  2751 | D:3      | Found an opulent altar of Gozag.
  2751 | D:3      | Found a sparkling altar of Nemelex Xobeh.
  2944 | D:4      | XOM: harmless Air miscast
  2955 | D:4      | Found a blossoming altar of Fedhas.
  2969 | D:4      | Found an opulent altar of Gozag.
  2999 | D:4      | XOM: potion effect (agility)
  3043 | D:4      | XOM: harmless Erth miscast
  3090 | D:4      | Reached skill level 7 in Axes
  3091 | D:4      | XOM: noise
  3114 | D:4      | Gained mutation: You have very sharp fingernails. [demonic ancestry]
  3114 | D:4      | Reached XP level 7. HP: 22/52 MP: 7/7
  3123 | D:4      | XOM: potion effect (agility)
  3134 | D:4      | XOM: mild Summ miscast
  3146 | D:4      | HP: 1/52 [something (3)]
  3148 | D:4      | XOM: mild Necr miscast
  3168 | D:4      | Found a sand-covered staircase.
  3182 | D:4      | Reached skill level 8 in Axes
  3186 | Ossuary  | Entered an ossuary
  3274 | Ossuary  | XOM: god gift: 12 stones
  3516 | Ossuary  | XOM: blink monster(s)
  3895 | D:4      | Found a shadowy altar of Dithmenos.
  4070 | D:5      | Entered Level 5 of the Dungeon
  4170 | D:5      | XOM: 2-stop teleportation journey
  4187 | D:5      | Found a shattered altar of Ashenzari.
  4369 | D:5      | XOM: cloud trail
  4558 | D:5      | Found a staircase to the Ecumenical Temple.
  4723 | D:6      | Reached skill level 9 in Axes
  4723 | D:6      | Gained mutation: You have claws for feet. [demonic ancestry]
  4723 | D:6      | Reached XP level 8. HP: 47/58 MP: 8/8
  4744 | D:6      | XOM: destruction
  4762 | D:6      | Mangled by an orc warrior

Vault maps used:
D:1:      shiori_arrival_elements, hex_large
D:2:      minmay_misc_feat_secret_circle
D:3:      grunt_temple_overflow_opulence, nicolae_tso_carved_into_rock,
          lemuel_round_altar, minivault_19
D:4:      kennysheep_little_box, lemuel_round_altar,
          nicolae_ossuary_entry_catacombs, grunt_gozag_statues
D:5:      nicolae_overflow_crystal_walls, first_bread
D:6:      lemuel_round_altar
Ossuary:  ossuary_tomb_1

Skill      XL: |  1  2  3  4  5  6  7 |
---------------+----------------------+-----
Axes           | 3 4 5 6 7 9 |  9.3
Fighting       | |  3.0
Armour         | |  1.7
Dodging        | |  0.8

Action                   |  1- 3 |  4- 6 |  7- 9 || total
-------------------------+-------+-------+-------++-------
Melee: Hand axe          |   110 |   151 |   193 ||   454
       Headbutt          |    11 |    25 |    44 ||    80
       Kick              |    16 |    49 |    48 ||   113
  Use: Scroll            |     3 |    10 |       ||    13
       Potion            |       |       |     1 ||     1
 Stab: Paralysed         |     2 |       |     5 ||     7
       Sleeping          |       |     4 |       ||     4
       Petrifying        |       |     1 |       ||     1
       Confused          |       |       |     1 ||     1
  Eat: Chunk             |       |     7 |     1 ||     8
       Meat ration       |       |       |     1 ||     1
Armor: Leather armour    |    37 |    33 |    43 ||   113
Dodge: Dodged            |    63 |    62 |    66 ||   191
